 Dungeon Crawl Stone Soup version 0.30-a0-857-gcaf70739d4 (webtiles) character file.

Game seed: 7631881400587020832

229 jimonade the Magician (level 6, -1/45 HPs)
             Began as a Djinni Warper on Mar 5, 2023.
             Slain by an orc
             ... wielding a +0 flail
              (3 damage)
             ... on level 4 of the Dungeon.
             The game lasted 00:06:49 (3420 turns).

jimonade the Magician (Djinni Warper)               Turns: 3420, Time: 00:06:50

Health: -1/45      AC:  5    Str: 12    XL:     6   Next: 23%
Gold:   207        EV: 12    Int: 15    God:
                   SH:  0    Dex: 12

rFire   + + .      SeeInvis +    b - +2 flail (venom)
rCold   x . .      Faith    .    (no shield)
rNeg    . . .      Spirit   .    B - +0 leather armour
rPois   ∞          Reflect  .    (no helmet)
rElec   .          Rampage  .    s - +1 cloak
rCorr   .                        (no gloves)
Will    .....                    (boots unavailable)
Stlth   +                        (no amulet)
HPRegen 0.27/turn                m - ring of see invisible
MPRegen 0.00/turn                (no ring)

@: flying
A: sickness immunity, fire resistance 2, cold vulnerability 1, float, innate
caster, HP casting, extra vitality 1
a: no special abilities


You were on level 4 of the Dungeon.
You visited 1 branch of the dungeon, and saw 4 of its levels.

You collected 207 gold pieces.

Inventory:

Hand Weapons
 a - a +2 mace of draining
 b - a +2 flail of venom (weapon)
 n - a +0 mace
Missiles
 d - 7 boomerangs of dispersal
 t - 6 javelins
Armour
 l - a +0 ring mail
 s - a +1 cloak (worn)
 B - a +0 leather armour (worn)
Magical Staves
 u - a staff of death
 w - a staff of air
Jewellery
 m - a ring of see invisible (left hand)
Wands
 y - a wand of charming (13)
Scrolls
 c - a scroll of blinking
 h - a scroll of teleportation {unknown}
 i - 2 scrolls of immolation {unknown}
 j - 2 scrolls of enchant weapon {unknown}
 o - 3 scrolls of brand weapon {unknown}
 q - 3 scrolls of identify {unknown}
 r - 3 scrolls of amnesia {unknown}
 v - a scroll of poison {unknown}
Potions
 e - 2 potions of might {unknown}
 f - 2 potions of resistance {unknown}
 g - a potion of haste {unknown}
 k - 4 potions of curing {unknown}
 p - a potion of heal wounds {unknown}
 x - a potion of brilliance {unknown}
 z - a potion of attraction {unknown}
 A - a potion of degeneration {unknown}
 C - a potion of lignification {unknown}


   Skills:
 + Level 2.9 Fighting
 + Level 3.1 Maces & Flails
 + Level 0.7 Throwing
 + Level 2.2 Armour
 + Level 2.5 Dodging
 * Level 3.4 Spellcasting


You knew the following spells:

 Your Spells              Type           Power      Damage    Failure   Level
a - Blink                 Tloc           24%        N/A       9%          2
b - Lesser Beckoning      Tloc           24%        N/A       9%          2
c - Vhi's Electric Charg  Tloc/Air       24%        N/A       19%         3
d - Teleport Other        Tloc           12%        N/A       19%         3
e - Manifold Assault      Tloc           12%        N/A       52%         4
f - Necrotise             Necr           48%        1d6       6%          1
g - Scorch                Fire           24%        2d6       9%          2
Your spell library was empty.

Dungeon Overview and Level Annotations

Branches:
Dungeon (4/15)
 Temple: D:4-7

Altars:

Shops:
D:1 *!


Innate Abilities, Weirdness & Mutations

You are immune to sickness and miasma.
You are immune to poison.
Your flesh is very heat resistant. (rF++)
You are vulnerable to cold. (rC-)
You float through the air rather than walking.
You learn spells naturally, not from books.
Your magical power is your life essence.
You have superior vitality. (+4 MHP)


Message History

The orc wizard closely misses you. The orc wizard barely misses you.
You miss the orc wizard.
The orc wizard hits you but does no damage. x2
The orc wizard gestures at you while chanting.
You resist with some effort.
The orc wizard hits you but does no damage.
The orc barely misses you.
The orc wizard hits you with a +2 dagger of protection.
The orc wizard casts a spell at you. You resist with some effort.
The orc wizard attacks as you move away!
The orc wizard hits you with a +2 dagger of protection.
The orc attacks as you move away! The orc closely misses you.
The orc wizard closely misses you.
The orc wizard hits you but does no damage.
You miss the orc.
The orc wizard hits you with a +0 dagger.
The orc wizard misses you. The orc completely misses you.
The orc wizard hits you with a +2 dagger of protection.
The orc wizard attacks as you move away!
The orc wizard hits you with a +2 dagger of protection.
You feel less confused.
The orc wizard hits you with a +0 dagger.
The orc wizard points at you and mumbles some strange words.
The magic dart hits you.
You closely miss the orc wizard.
The orc wizard hits you with a +0 dagger.
The orc closely misses you.
The orc wizard hits you with a +0 dagger.
You barely miss the orc wizard. The orc wizard closely misses you.
The orc wizard misses you. The orc hits you with a +0 flail.
* * * LOW HITPOINT WARNING * * *
You barely miss the orc wizard.
The orc wizard points at you and mumbles some strange words.
The magic dart hits you!
* * * LOW HITPOINT WARNING * * *
The orc misses you.
The orc wizard gestures at you while chanting.
The puff of flame misses you. The orc hits you with a +0 flail.
You die...

################
.......o@......##########
##....ooo...............
###......................
.........)†.)............
.........######..........
.........# #..........
.........# #..........
.........# #..........
.........+ #..........


You could see 3 orc wizards and an orc.

Vanquished Creatures
  An orc priest (D:3)
  Ijyb (D:3)
  An orc wizard (D:2)
  4 adders
  3 gnolls (D:3)
  2 worms (D:2)
  2 dart slugs (D:2)
  9 orcs
  7 endoplasms
  5 giant cockroaches
  4 hobgoblins
  3 kobolds
  4 quokkas
  5 ball pythons
  4 bats
  4 frilled lizards
  6 goblins
  4 rats
69 creatures vanquished.

Notes
Turn   | Place    | Note
-------+----------+-------------------------------------------
     0 | D:1      | jimonade the Djinni Warper began the quest for the Orb.
     0 | D:1      | jimonade set off with the following spells memorised:
                  | Blink, Lesser Beckoning, Vhi's Electric Charge, Teleport
                  | Other, Manifold Assault.
     0 | D:1      | Reached XP level 1. HP: 18/18 MP: 0/0
   170 | D:1      | Reached XP level 2. HP: 18/23 MP: 0/0
   747 | D:1      | Found Pecutroy's Distillery.
   759 | D:1      | Reached XP level 3. HP: 29/29 MP: 0/0
   759 | D:1      | Learned a level 1 spell: Necrotise
   828 | D:1      | Found Myobot's Assorted Antiques.
  1362 | D:2      | Reached XP level 4. HP: 34/34 MP: 0/0
  2267 | D:2      | Reached XP level 5. HP: 30/39 MP: 0/0
  2267 | D:2      | Learned a level 2 spell: Scorch
  2604 | D:3      | Noticed Ijyb
  2635 | D:3      | Killed Ijyb
  2636 | D:3      | Reached XP level 6. HP: 40/45 MP: 0/0
  2772 | D:3      | Found a faded altar of an unknown god.
  3420 | D:4      | HP: 2/45 [orc wizard/magic dart (8)]
  3420 | D:4      | Slain by an orc

Illustrated notes

Levels and vault maps discovered:
D:1:      dpeg_arrival_arbitrary_a, layout_loops_corners, serial_shops,
          nicolae_shop_overgrown_old_shop, nicolae_shop_trees
D:2:      layout_basic, grunt_ministairs_8, grunt_decor_arrowhead
D:3:      layout_basic, nicolae_ecumenical_oubliette, uniq_ijyb
D:4:      layout_basic, lemuel_tele_altar, nicolae_shop_clearance

Skill      XL: |  1  2  3  4  5 |
---------------+----------------+-----
Maces & Flails | 2 3 |  3.1
Spellcasting   | 3 |  3.4
Armour         | 2 |  2.2
Fighting       | |  2.9
Throwing       | |  0.7
Dodging        | |  2.5

Action                     |  1- 3 |  4- 6 || total
---------------------------+-------+-------++-------
  Melee: Mace              |    85 |    88 ||   173
         Flail             |       |    16 ||    16
   Cast: Scorch            |       |    14 ||    14
 Armour: Leather armour    |     7 |    20 ||    27
         Ring mail         |    12 |    17 ||    29
  Dodge: Dodged            |    43 |    65 ||   108

Table legend: (Time is in decaauts)
 A = Elapsed time spent in this place.
 B = Non-inter-level travel time spent in this place.
 C = Inter-level travel time spent in this place.
 D = Time resting spent in this place.
 E = Time spent auto-exploring this place.
 F = Levels seen in this place.
 G = Mean time per level.
                   A        B        C        D        E       F      G
               +--------+--------+--------+--------+--------+-----+--------+
         Total |   3476 |   3368 |    108 |    193 |   2501 |   4 |  869.0 |
       Dungeon |   3476 |   3368 |    108 |    193 |   2501 |   4 |  869.0 |
               +--------+--------+--------+--------+--------+-----+--------+

Top non-repeatable levels by time:
     D:1: 1231 daAuts
     D:2: 1087 daAuts
     D:3: 823 daAuts
     D:4: 334 daAuts
